 Dungeon Crawl Stone Soup version 0.21.0-3-g78d12a8bdd (webtiles) character file.

232 KamiKatze the Chopper (level 6, -6/53 HPs)
             Began as a Hill Orc Monk on Jan 14, 2018.
             Mangled by a scorpion (7 damage)
             ... on level 3 of the Dungeon.
             The game lasted 00:12:20 (3670 turns).

KamiKatze the Chopper (Hill Orc Monk)               Turns: 3670, Time: 00:12:21

Health: -6/53      AC:  7    Str: 21    XL:     6   Next: 4%
Magic:  6/6        EV: 11    Int: 10    God:
Gold:   191        SH:  0    Dex: 13    Spells: 5/5 levels left

rFire    . . .     SeeInvis .   a - +0 hand axe
rCold    . . .     Gourm    .   (no shield)
rNeg     . . .     Faith    .   v - +0 scale mail
rPois    .         Spirit   .   r - +0 helmet
rElec    .         Reflect  .   (no cloak)
rCorr    +         Harm     .   (no gloves)
MR       +....                  (no boots)
Stlth    ..........             (no amulet)
HPRegen  0.17/turn              m - ring of resist corrosion
MPRegen  0.10/turn              u - ring of protection from magic

@: mighty, lethally poisoned (-6 -> -26), about to teleport, flying
A: no striking features
a: no special abilities


You were on level 3 of the Dungeon.
You were not hungry.

You visited 1 branch of the dungeon, and saw 4 of its levels.

You collected 191 gold pieces.

Inventory:

Hand Weapons
 a - a +0 hand axe (weapon)
 o - a +3 hand axe
Missiles
 e - 4 tomahawks
 i - 12 stones (quivered)
Armour
 p - a +0 plate armour
 r - a +0 helmet (worn)
 v - a +0 scale mail (worn)
 w - a +0 chain mail
Jewellery
 m - a ring of resist corrosion (left hand)
 u - a ring of protection from magic (right hand)
Scrolls
 j - a scroll of magic mapping
 q - 2 scrolls of enchant armour {unknown}
 s - 2 scrolls of teleportation
 t - a scroll of fog {unknown}
Potions
 b - a potion of ambrosia {unknown}
 d - a potion of mutation {unknown}
 f - a potion of flight
 g - 3 potions of agility
 h - 2 potions of curing {unknown}
 l - a potion of might
 n - a potion of heal wounds {unknown}
 x - a potion of haste {unknown}
Comestibles
 c - 4 rations
 k - 4 chunks of flesh


   Skills:
 + Level 4.7 Fighting
 * Level 6.2 Axes
 + Level 2.6 Armour
 + Level 3.2 Dodging
 - Level 1.5 Stealth


You had 5 spell levels left.
You didn't know any spells.

Dungeon Overview and Level Annotations

Branches:
Dungeon (4/15)
 Temple: D:4-7

Altars:
Ashenzari
Elyvilon
Makhleb
Nemelex Xobeh

Shops:
D:4 %


Message History

You are lethally poisoned!
The scorpion poisons you!
Unknown command.
Okay, then.
As you read the scroll of teleportation, it crumbles to dust.
You feel strangely unstable.
* * * LOW HITPOINT WARNING * * *
You feel sick. The scorpion stings you.
* * * LOW HITPOINT WARNING * * *
You are more poisoned.
The scorpion poisons you!
* * * LOW HITPOINT WARNING * * *
You feel very sick.
* * * LOW HITPOINT WARNING * * *
You feel sick.
It was a potion of might.
You feel very mighty all of a sudden.
* * * LOW HITPOINT WARNING * * *
You feel sick. The scorpion stings you!
You die...

#####.#...####.#
#......[...##..
#####.......##.#
#########..#...
##..........##.### #..#...
...##............## ##.....
##.##.#.........#.## #.#...
......##.#####.###.# #.#...
...###.......##.#.## #.##..
##.#
#.......###..##########.####
...#
#.......#..@s...##..........
####
#...........................
#
#.......#.##.##.##.......>..
#
#.......#.##....#######..)##
#### #.......#.####..#
#..).. ...#
#########.####..# #...##
##.# #.......# #...## #.#
######.## #...## #.#
#########.# ##.#.)


You could see a scorpion.

Vanquished Creatures
  2 orc wizards (D:3)
  A worker ant (D:3)
  Robin (D:3)
  4 adders
  A gnoll (D:3)
  An adder skeleton (D:4)
  A worm (D:2)
  2 dart slugs
  A leopard gecko (D:2)
  11 orcs
  3 bats
  3 giant cockroaches
  13 goblins
  6 hobgoblins
  9 jackals
  A quokka (D:2)
  2 frilled lizards
  6 kobolds
  8 rats
76 creatures vanquished.

Notes
Turn   | Place    | Note
-------+----------+-------------------------------------------
     0 | D:1      | KamiKatze the Hill Orc Monk began the quest for the Orb.
     0 | D:1      | Reached XP level 1. HP: 19/19 MP: 1/1
   268 | D:1      | Reached XP level 2. HP: 21/27 MP: 2/2
   587 | D:1      | Reached skill level 1 in Armour
   785 | D:2      | Reached XP level 3. HP: 27/33 MP: 3/3
  1049 | D:2      | Found a white marble altar of Elyvilon.
  1335 | D:2      | Found a burning altar of Makhleb.
  1358 | D:2      | Reached skill level 5 in Axes
  1393 | D:2      | Reached XP level 4. HP: 34/40 MP: 4/4
  1861 | D:3      | Noticed Robin
  1909 | D:3      | Killed Robin
  2212 | D:3      | Found a sparkling altar of Nemelex Xobeh.
  2656 | D:3      | Reached XP level 5. HP: 31/47 MP: 5/5
  2906 | D:3      | Found a shattered altar of Ashenzari.
  2990 | D:4      | Found Nenirch's Food Emporium.
  3389 | D:3      | Reached skill level 6 in Axes
  3537 | D:4      | Reached XP level 6. HP: 50/53 MP: 6/6
  3670 | D:3      | HP: 1/53 [poisoned by a scorpion]
  3670 | D:3      | Mangled by a scorpion

Skill      XL: |  1  2  3  4  5 |
---------------+----------------+-----
Armour         | 1 2 |  2.6
Fighting       | 4 |  4.7
Axes           | 5 6 |  6.2
Dodging        | 3 |  3.2
Stealth        | |  1.5

Action                   |  1- 3 |  4- 6 || total
-------------------------+-------+-------++-------
Melee: Hand axe          |   121 |   228 ||   349
  Use: Scroll            |       |     9 ||     9
       Potion            |       |     2 ||     2
 Stab: Sleeping          |     5 |       ||     5
  Eat: Chunk             |     2 |     7 ||     9
Armor: Robe              |     5 |       ||     5
       Ring mail         |    36 |    20 ||    56
       Scale mail        |       |    73 ||    73
Dodge: Dodged            |    72 |   124 ||   196
